AoeStats
← Gorlami

Arena

509381242Analyzed
4v4 RM · 5d ago on Sep 26, 2026· 37m 4s· 8 players
Game mode
Random Map
Map size
Large (8 player)
Population
200
Speed
Normal
Resources
Standard
Victory
Conquest
Starting age
Dark Age
Ending age
Imperial Age
RankedLock teamsTeams togetherTeam positionsShared explorationLock speedFull tech treeHidden civsTurbo modeCheats
Victory
Defeat
🇨🇳 Malay · China
1842
+9
🇨🇳 Inca · China
1777
+11
🇩🇪 Britons · Germany
1762
+12
🇻🇳 Gurjaras · Vietnam
1703
+14
🇦🇷 Ethiopians · Argentina
1775
-15
🇦🇷 Hindustanis · Argentina
1688
-12
🇦🇷 Maya · Argentina
1657
-11
🇦🇷 Celts · Argentina
1579
-8
Shammgod
10:09 Feudal Age
13:43 Castle Age
12:00 Loom
11:58 Horse Collar
12:11 Double-Bit Axe
14:38 Bow Saw
15:06 Heavy Plow
19:55 Wheelbarrow
20:20 Stone Mining
22:10 Gold Mining
23:49 Loom
24:12 Fletching
27:23 Imperial Age
25:48 Bodkin Arrow
26:24 Ballistics
27:00 Padded Archer Armor
28:12 Bracer
29:09 Conscription
30:26 Chemistry
29:25 Elite Longbowman
31:26 Leather Archer Armor
31:47 Scale Mail Armor
31:57 Forging
31:11 Pikeman
31:52 Squires
33:17 Chain Mail Armor
32:39 Halberdier
33:57 Ring Archer Armor
38:06 Two-Man Saw
38:07 Plate Mail Armor
回忆里太多好
11:44 Feudal Age
14:33 Castle Age
12:52 Double-Bit Axe
13:07 Horse Collar
14:50 Bow Saw
22:52 Wheelbarrow
23:24 Heavy Plow
27:01 Imperial Age
25:05 Hand Cart
24:36 Loom
24:48 Fletching
25:46 Gold Mining
25:46 Stone Mining
26:04 Bodkin Arrow
26:10 Padded Archer Armor
26:32 Ballistics
26:16 Town Watch
26:11 Crossbowman
27:04 Thumb Ring
27:22 Conscription
28:12 Chemistry
27:18 Bracer
27:30 Arbalester
29:06 Leather Archer Armor
30:32 Ring Archer Armor
30:14 Forging
32:37 Squires
31:57 Pikeman
32:19 Treadmill Crane
32:45 Siege Engineers
32:52 Masonry
34:28 Elite Karambit Warrior
34:58 Arson
35:50 Iron Casting
ZiZi
9:12 Feudal Age
9:38 Horse Collar
9:44 Double-Bit Axe
14:18 Gold Mining
16:45 Castle Age
16:12 Stone Mining
17:46 Bow Saw
17:23 Loom
19:08 Fletching
27:35 Imperial Age
27:30 Wheelbarrow
28:42 Bodkin Arrow
31:20 Ballistics
31:01 Bracer
mesa
10:26 Feudal Age
14:06 Castle Age
12:34 Double-Bit Axe
12:33 Horse Collar
15:15 Bow Saw
15:07 Heavy Plow
16:35 Loom
20:34 Wheelbarrow
21:43 Heavy Plow
21:36 Gold Mining
22:33 Town Watch
27:13 Imperial Age
25:15 Scale Mail Armor
25:26 Forging
25:01 Champi Runner
25:27 Arson
25:43 Squires
26:53 Chain Mail Armor
26:11 Champi Warrior
27:29 Iron Casting
27:15 Capped Ram
28:36 Plate Mail Armor
28:35 Elite Champi Warrior
32:13 Conscription
33:11 Blast Furnace
33:15 Fabric Shields
35:22 Siege Ram
36:54 Crop Rotation
37:00 Gold Shaft Mining
36:15 Stone Mining
36:45 Elite Kamayuk
38:01 Hoardings
Bill Order
11:17 Feudal Age
14:57 Castle Age
12:45 Double-Bit Axe
13:03 Horse Collar
16:03 Bow Saw
16:09 Heavy Plow
21:01 Wheelbarrow
20:15 Loom
22:26 Gold Mining
23:49 Hand Cart
23:29 Stone Mining
24:17 Town Watch
25:10 Gold Shaft Mining
28:25 Imperial Age
26:29 Scale Mail Armor
27:15 Stone Shaft Mining
27:05 Forging
26:20 Pikeman
27:55 Chain Mail Armor
28:46 Iron Casting
28:32 Onager
33:48 Plate Mail Armor
32:50 Man-at-Arms
33:16 Gambesons
34:32 Blast Furnace
33:58 Long Swordsman
34:45 Two-Handed Swordsman
35:33 Champion
MiMo
10:51 Feudal Age
12:10 Double-Bit Axe
14:32 Castle Age
12:41 Horse Collar
14:39 Light Cavalry
15:22 Light Cavalry
17:07 Wheelbarrow
18:34 Bow Saw
23:37 Husbandry
23:48 Bloodlines
23:38 Husbandry
24:15 Bloodlines
24:38 Hand Cart
24:58 Gold Mining
24:58 Stone Mining
24:59 Gold Mining
24:59 Stone Mining
25:27 Scale Barding Armor
25:44 Town Watch
26:14 Forging
27:55 Chain Barding Armor
28:16 Iron Casting
32:22 Imperial Age
29:55 Loom
33:44 Plate Barding Armor
32:49 Hussar
34:45 Scale Mail Armor
MUERE CACA
0:27 Loom
11:05 Feudal Age
14:48 Castle Age
12:53 Double-Bit Axe
14:08 Horse Collar
15:41 Bow Saw
16:42 Town Watch
17:21 Fletching
22:05 Bodkin Arrow
24:05 Padded Archer Armor
25:31 Wheelbarrow
24:51 Gold Mining
29:10 Imperial Age
28:26 Ballistics
28:03 Stone Mining
31:30 Bracer
32:43 Leather Archer Armor
34:43 Hand Cart
36:25 Chemistry
Gorlami
10:36 Feudal Age
11:35 Double-Bit Axe
14:29 Castle Age
12:20 Horse Collar
15:25 Bow Saw
20:57 Wheelbarrow
21:24 Loom
22:49 Town Watch
25:40 Imperial Age
23:28 Stone Mining
23:31 Gold Mining
23:55 Fletching
24:59 Hand Cart
24:42 Bodkin Arrow
24:39 Crossbowman
26:31 Bracer
28:07 Chemistry
27:30 Ballistics
27:29 Padded Archer Armor
28:12 Arbalester
30:13 Thumb Ring
30:25 Leather Archer Armor
32:55 Ring Archer Armor
Connection lost

Rejoining the realm…

Still unreachable

The connection could not be restored.

Session expired

The server has moved on; the page needs a fresh start.